 Dungeon Crawl Stone Soup version 0.25-a0-420-g1cc7eeb0d1 (webtiles) character file.

Game seed: 102913153523247270, levelgen mode: deterministic

52 ChaosChampion the Magician (level 3, -2/24 HPs)
             Began as a Demonspawn Wizard on Jan 18, 2020.
             Slain by an ogre
             ... wielding a +0 giant club
              (14 damage)
             ... on level 2 of the Dungeon.
             The game lasted 00:06:45 (1706 turns).

ChaosChampion the Magician (Demonspawn Wizard)      Turns: 1706, Time: 00:06:47

Health: -2/24      AC:  4    Str:  7    XL:     3   Next: 60%
Magic:  0/8        EV: 12    Int: 20    God:
Gold:   96         SH:  0    Dex: 11    Spells: 4/9 levels left

rFire    . . .     SeeInvis .   (no weapon)
rCold    . . .     Gourm    .   (no shield)
rNeg     . . .     Faith    .   a - +0 robe
rPois    .         Spirit   .   b - +0 hat
rElec    .         Reflect  .   (no cloak)
rCorr    .         Harm     .   (no gloves)
MR       .....                  (no boots)
Stlth    ++........             (no amulet)
HPRegen  0.08/turn              (no ring)
MPRegen  0.11/turn              (no ring)

@: very slightly contaminated
A: antennae 1, iridescent scales 1
a: no special abilities


You were on level 2 of the Dungeon.
You were not hungry.

You visited 1 branch of the dungeon, and saw 3 of its levels.

You collected 96 gold pieces.

Inventory:

Missiles
 f - a throwing net (quivered)
Armour
 a - a +0 robe (worn)
 b - a +0 hat (worn)
Scrolls
 c - 3 scrolls of blinking {unknown}
 e - 3 scrolls of identify {unknown}
 g - 2 scrolls of teleportation {unknown}
Comestibles
 d - 4 rations


   Skills:
 - Level 2.0 Dodging
 + Level 2.2 Stealth
 + Level 3.8 Spellcasting
 + Level 1.4 Conjurations
 - Level 1.0 Summonings
 + Level 1.3 Translocations


You had 4 spell levels left.
You knew the following spells:

 Your Spells              Type           Power        Failure   Level  Hunger
a - Magic Dart            Conj           #...         8%          1    None
b - Blink                 Tloc           N/A          12%         2    ##.....
c - Call Imp              Summ           #.......     13%         2    ##.....

Your spell library contained the following spells:

 Spells                   Type           Power        Failure   Level  Hunger
 Slow                     Hex            #.......     21%         2    ##.....
 Conjure Flame            Conj/Fire      #.......     28%         3    ###....
 Mephitic Cloud           Conj/Pois/Air  #.......     32%         3    ###....


Dungeon Overview and Level Annotations

Branches:
Dungeon (3/15)

Altars:
Ru
Xom


Innate Abilities, Weirdness & Mutations

You have a pair of small antennae on your head.
You are partially covered in iridescent scales. (AC +2)


Message History

Confirm with . or Enter, or press ? or * to list all spells.
You don't have enough magic to cast that spell.
Your magical contamination has completely faded away.
The ogre misses you.
Casting: Magic Dart (safe; 8% risk of failure)
Confirm with . or Enter, or press ? or * to list all spells.
You blink.
Throwing (i - inventory)
f - a throwing net (quivered)
Press: ? - help, Shift-Dir - straight line, f - bush
Aim: a bush (immune to nets)
Okay, then.
The ogre misses you.
Casting: Blink (safe; 12% risk of failure)
Confirm with . or Enter, or press ? or * to list all spells.
You miscast Blink.
You are very lightly contaminated with residual magic.
The world appears momentarily distorted!
The ogre hits you with a +0 giant club!
Ouch! That really hurt!
You die...

#.........####..#.....###.....
##......##.......##...###......
#..##...#######..##.[###..####.
#.###...## ##..........## ##
#.#......## #...##...#(## #
#.....##..####.#....#.#.(## #
♣♣.♣............<.........#####
♣♣P.♣♣##................).......
♣♣P.P.♣♣♣..<....@O...........##.P
♣..P♣PPP♣...................###.P
..P..PPP♣................♣♣.♣##.♣
P♣.....♣♣########.......♣♣...♣##.
..♣P..♣♣ #..(.....♣♣♣.P♣♣♣.P
P.....♣ ##.##.....♣♣PP[♣ ♣#.
♣♣♣♣♣.♣ ##..##.....♣♣♣.PP♣ ##
♣.#######..###.....♣


♣PPPP #####.........## #####.♣♣P♣♣ You could see an ogre.

Vanquished Creatures
  A dart slug (D:1)
  3 leopard geckos
  2 orcs
  2 giant cockroaches (D:2)
  A goblin (D:2)
  4 hobgoblins
  3 kobolds (D:1)
  2 bats (D:1)
  5 frilled lizards
  4 rats
27 creatures vanquished.

Vanquished Creatures (collateral kills)
  An orc wizard (D:3)
  A goblin (D:2)
  A hobgoblin (D:3)
  2 jackals (D:2)
5 creatures vanquished.

Grand Total: 32 creatures vanquished

Notes
Turn   | Place    | Note
-------+----------+-------------------------------------------
     0 | D:1      | ChaosChampion the Demonspawn Wizard began the quest for the
                  | Orb.
     0 | D:1      | Reached XP level 1. HP: 13/13 MP: 4/4
   252 | D:1      | Gained mutation: You are partially covered in iridescent
                  | scales. (AC +2) [demonic ancestry]
   252 | D:1      | Reached XP level 2. HP: 17/19 MP: 0/6
   608 | D:1      | Learned a level 2 spell: Blink
  1023 | D:2      | Learned a level 2 spell: Call Imp
  1082 | D:2      | Reached skill level 1 in Translocations
  1151 | D:2      | Gained mutation: You have a pair of small antennae on your
                  | head. [demonic ancestry]
  1151 | D:2      | Reached XP level 3. HP: 22/24 MP: 0/8
  1203 | D:2      | Found a sacrificial altar of Ru.
  1226 | D:2      | Noticed an ogre
  1471 | D:2      | Found a shimmering altar of Xom.
  1706 | D:2      | Slain by an ogre

Levels and vault maps discovered:
D:1:      grunt_arrival_crossed_arrows, layout_basic
D:2:      layout_rooms, old_standard_altar, serial_forest,
          infiniplex_forest_end_2, infiniplex_forest_clump_double,
          infiniplex_forest_end_3, infiniplex_forest_end_1,
          infiniplex_forest_3_way, infiniplex_forest_clump_medium,
          infiniplex_forest_corner_2, infiniplex_forest_straight_3,
          infiniplex_forest_end_2, grunt_ministairs_3,
          nicolae_ru_sacrificial_ziggurat
D:3:      minmay_evil_eye, layout_basic, lightli_temple_of_fire,
          old_standard_altar

Skill      XL: |  1  2 |
---------------+-------+-----
Dodging        | 2 |  2.0
Stealth        | 2 |  2.2
Translocations | 1 |  1.3
Spellcasting   | |  3.8
Conjurations   | |  1.4
Summonings     | |  1.0

Action                   || total
-------------------------++-------
Melee: Unarmed           ||     6
Throw: Throwing net      ||     1
 Cast: Magic Dart        ||    72
       Call Imp          ||     9
       Blink             ||     1
  Eat: Ration            ||     1
Armor: Robe              ||     9
Dodge: Dodged            ||    19

Table legend:
 A = Non-vault XP
 B = Vault XP
 C = Vault XP percentage of total XP
 D = Non-vault monster count
 E = Vault monster count
 F = Vault count percentage of total count
                 A         B        C        D         E       F
            +---------+---------+-------+---------+---------+-------
      Total |      75 |       0 |   0.0 |      32 |       0 |   0.0
            +---------+---------+-------+---------+---------+-------
        D:1 |      28 |       0 |   0.0 |      15 |       0 |   0.0
        D:2 |      23 |       0 |   0.0 |      14 |       0 |   0.0
        D:3 |      24 |       0 |   0.0 |       3 |       0 |   0.0
            +---------+---------+-------+---------+---------+-------
